 Dungeon Crawl Stone Soup version 0.26-a0-30-g56b8cd3df0 (webtiles) character file.

Game seed: 12294954890072678918, levelgen mode: deterministic

14591 Lugonue the Thaumaturge (level 11, -2/59 HPs)
             Began as a Deep Elf Venom Mage on May 28, 2020.
             Was a High Priest of Okawaru.
             Slain by a troll simulacrum (4 damage)
             ... in an ice cave.
             The game lasted 00:37:15 (12912 turns).

Lugonue the Thaumaturge (Deep Elf Venom Mage)      Turns: 12912, Time: 00:37:26

Health: -2/59      AC:  9    Str:  7    XL:     11   Next: 90%
Magic:  38/38      EV: 18    Int: 36    God:    Okawaru [*****.]
Gold:   543        SH:  0    Dex: 13    Spells: 17/34 levels left

rFire    . . .     SeeInvis .   a - +8 great sword of the Establishment {flame, +Inv Int+7 Dex-2}
rCold    . . .     Gourm    .   (shield currently unavailable)
rNeg     + . .     Faith    .   w - +4 robe of Fanaticism {Str+2}
rPois    +         Spirit   .   (no helmet)
rElec    .         Reflect  .   n - +0 cloak
rCorr    .         Harm     .   (no gloves)
MR       +....                  j - +1 pair of boots
Stlth    +++.......             P - amulet "Xetak" {RegenMP rN+ Int+5}
HPRegen  0.19/turn              i - ring of magical power
MPRegen  0.51/turn              A - ring of poison resistance

@: no status effects
A: no striking features
a: Heroism, Finesse, Renounce Religion, Evoke Invisibility


You were in an ice cave.
You worshipped Okawaru.
Okawaru was extremely pleased with you.
You were not hungry.

You visited 3 branches of the dungeon, and saw 14 of its levels.
You also visited: Ice Cave.

You collected 543 gold pieces.

Inventory:

Hand Weapons
 a - the +8 great sword of the Establishment (weapon) {flame, +Inv Int+7 Dex-2}
   (You took it off an orc on level 4 of the Dungeon)

   It has been specially enchanted to burn those struck by it, causing extra
   injury to most foes and up to half again as much damage against particularly
   susceptible opponents.
   Big, fiery blades are also staple armaments of hydra-hunters.
   It affects your intelligence (+7).
   It affects your dexterity (-2).
   It lets you turn invisible.
 J - the +10 great sword "Ylirox" {venom, Stlth+}
   (Okawaru gifted it to you in an ice cave)

   It poisons the flesh of those it strikes.
   It makes you more stealthy.
Missiles
 o - 205 arrows
Armour
 j - a +1 pair of boots (worn)
 n - a +0 cloak (worn)
 w - the +4 robe of Fanaticism (worn) {Str+2}
   (You found it on level 4 of the Dungeon)

   It affects your strength (+2).
Magical Staves
 v - an uncursed staff of cold
Jewellery
 i - a ring of magical power (left hand)
 A - a ring of poison resistance (right hand)
 E - an uncursed ring of magical power
 F - an uncursed amulet of the acrobat {unknown}
 N - an uncursed ring of wizardry {unknown}
 P - the amulet "Xetak" (around neck) {RegenMP rN+ Int+5}
   (You found it on level 1 of the Lair of Beasts)

   [amulet of magic regeneration]

   It increases your magic regeneration.
   It affects your intelligence (+5).
   It protects you from negative energy.
Wands
 b - a wand of flame (17)
 C - a wand of enslavement (9)
 D - a wand of acid (10)
 I - a wand of polymorph (8)
 K - a wand of disintegration (12)
 M - a wand of iceblast (12)
Scrolls
 e - 2 scrolls of enchant armour
 g - 3 scrolls of blinking
 u - 3 scrolls of identify
 x - 3 scrolls of enchant weapon
 y - 3 scrolls of magic mapping
 B - 3 scrolls of remove curse
 G - a scroll of amnesia
 H - a scroll of fear
 L - 5 scrolls of teleportation
 O - a scroll of fog
Potions
 f - 2 potions of magic
 h - 4 potions of mutation
 k - 2 potions of stabbing
 l - a potion of berserk rage
 m - 4 potions of haste
 p - a potion of might {unknown}
 q - 3 potions of flight {unknown}
 r - a potion of curing
 s - a potion of brilliance {unknown}
 t - a potion of heal wounds
 z - a potion of degeneration {unknown}
Comestibles
 c - 29 rations


   Skills:
 + Level 2.6 Fighting
 + Level 6.1 Long Blades
 + Level 0.9 Staves
   Level 1.0 Bows
 * Level 10.6 Dodging
 + Level 5.0 Stealth
 + Level 12.4 Spellcasting
 + Level 1.0 Conjurations
 + Level 0.5 Hexes
 + Level 5.7 Transmutations
 + Level 3.7 Fire Magic
 + Level 4.6 Air Magic
 - Level 10.0 Poison Magic


You had 17 spell levels left.
You knew the following spells:

 Your Spells              Type           Power        Failure   Level  Hunger
a - Sting                 Tmut/Pois      ####         1%          1    None
b - Poisonous Vapours     Pois/Air       ######       1%          2    None
c - Olgreb's Toxic Radia  Pois           #######.     1%          4    None
d - Ignite Poison         Fire/Tmut/Pois ######..     1%          3    None
e - Mephitic Cloud        Conj/Pois/Air  ######..     1%          3    None
f - Cause Fear            Hex            ####......   14%         4    None

Your spell library contained the following spells:

 Spells                   Type           Power        Failure   Level  Hunger
 Corona                   Hex            ####...      1%          1    None
 Slow                     Hex            ####....     2%          2    None
 Inner Flame              Hex/Fire       #####...     2%          3    None
 Portal Projectile        Hex/Tloc       ###...       4%          3    None
 Leda's Liquefaction      Hex/Erth       ###.......   16%         4    None


Dungeon Overview and Level Annotations

Branches:
Dungeon (10/15)            Temple (1/1) D:6            Lair (3/6) D:8
 Shoals (0/4) Lair:2       Spider (0/4) Lair:2        IceCv (1/1)
    Orc: D:9-12

Altars:
Ashenzari
Cheibriados
Dithmenos
Elyvilon
Fedhas
Gozag
Hepliaklqana
Kikubaaqudgha
Makhleb
Nemelex Xobeh
Okawaru
Qazlal
Ru
Sif Muna
Trog
Uskayaw
Vehumet
Wu Jian
Xom
Yredelemnul
Zin
The Shining One

Annotations:
D:6 2 runed translucent doors, MisterFreud's ghost, novice OpGl


Message History

The helpless draconian simulacrum fails to defend itself.
You carve the draconian simulacrum like a ham!!!
You melt the draconian simulacrum!
The draconian simulacrum vapourises!
Okawaru accepts your kill.
You feel like a meek peon again.
You open the door.
A troll simulacrum comes into view.
The troll simulacrum bites you. The troll simulacrum freezes you!
The troll simulacrum claws you! The troll simulacrum freezes you!
The troll simulacrum barely misses you.
There is an open door here.
You slash the troll simulacrum!
You melt the troll simulacrum.
The troll simulacrum is heavily damaged.
The troll simulacrum bites you!
* * * LOW HITPOINT WARNING * * *
The troll simulacrum freezes you!
* * * LOW HITPOINT WARNING * * *
The troll simulacrum claws you.
You die...

####+####
+.......+
#.8...8.###
+.......@Z#
#.8...8.###
+.......'.#
#.8...8.###
+.......'.#
#+#...#'###
#...#.#
#...###
#...#


You could see a troll simulacrum.

Vanquished Creatures
  Pikel (D:7)
  An orb spider (Lair:2)
  An elephant (D:8)
  2 ice statues (IceCv)
  3 spiny frogs
  4 ice devils (IceCv)
  3 komodo dragons (Lair:1)
  A hornet (D:9)
  7 blink frogs
  5 hippogriffs
  A vampire (D:9)
  6 yaks
  A wyvern (D:9)
  3 hogs (D:7)
  4 basilisks
  A human (D:7)
  3 water moccasins (Lair:1)
  A soldier ant (D:10)
  7 porcupines
  A phantom (D:9)
  4 orc warriors
  4 ice beasts
  3 sky beasts
  6 wolves (Lair:2)
  2 centaurs
  5 crocodiles
  A big kobold (D:7)
  4 bullfrogs
  3 scorpions
  4 howler monkeys
  3 crimson imps
  A draconian simulacrum (IceCv)
  A quasit (D:6)
  Crazy Yiuf (D:3)
  3 hounds
  4 orc priests
  A jelly (D:6)
  2 bullfrog skeletons
  A gnoll shaman (D:5)
  Jessica (D:2)
  An iguana (D:6)
  Natasha (thrice) (D:2)
  10 orc wizards
  10 worker ants
  A hound zombie (D:5)
  A hound skeleton (D:4)
  2 worker ant zombies
  Robin (D:2)
  4 gnolls (D:4)
  14 adders
  A howler monkey skeleton (D:6)
  2 naga simulacra (IceCv)
  2 shadow imps
  12 white imps (Lair:3)
  An ooze (D:5)
  An adder skeleton (D:9)
  An adder zombie (D:3)
  2 worms
  A dart slug (D:1)
  7 leopard geckos
  50 orcs
  4 giant cockroaches
  13 goblins
  5 hobgoblins
  8 jackals
  6 quokkas
  3 bats
  3 frilled lizards
  13 kobolds
  A leopard gecko skeleton (D:5)
  4 rats
  3 fungi
  A plant (D:8)
301 creatures vanquished.

Vanquished Creatures (others)
  A slave (D:7)
  A plant (Lair:3)
2 creatures vanquished.

Grand Total: 303 creatures vanquished

Notes
Turn   | Place    | Note
-------+----------+-------------------------------------------
     0 | D:1      | Lugonue the Deep Elf Venom Mage began the quest for the
                  | Orb.
     0 | D:1      | Reached XP level 1. HP: 10/10 MP: 6/6
   154 | D:1      | Reached XP level 2. HP: 13/15 MP: 5/8
   445 | D:1      | Learned a level 2 spell: Poisonous Vapours
  1233 | D:2      | Reached XP level 3. HP: 19/19 MP: 10/10
  1416 | D:2      | Noticed Robin
  1441 | D:2      | Killed Robin
  1441 | D:2      | Reached skill level 1 in Air Magic
  1686 | D:2      | Found an opulent altar of Gozag.
  1799 | D:2      | Reached skill level 4 in Spellcasting
  1799 | D:2      | Reached XP level 4. HP: 24/24 MP: 12/12
  1805 | D:2      | Learned a level 4 spell: Olgreb's Toxic Radiance
  1882 | D:2      | Noticed Jessica
  1882 | D:2      | Noticed Natasha
  1889 | D:2      | Killed Jessica
  1905 | D:2      | Killed Natasha
  1905 | D:2      | Reached skill level 5 in Spellcasting
  2003 | D:2      | Noticed Natasha
  2006 | D:2      | Killed Natasha
  2006 | D:2      | Reached XP level 5. HP: 19/28 MP: 14/14
  2292 | D:2      | Noticed Natasha
  2298 | D:2      | Killed Natasha
  2506 | D:2      | Learned a level 3 spell: Ignite Poison
  2634 | D:3      | Found a stormy altar of Qazlal.
  2762 | D:3      | Reached XP level 6. HP: 32/32 MP: 9/16
  2945 | D:3      | Reached skill level 6 in Spellcasting
  3086 | D:3      | Noticed an ice beast
  3113 | D:3      | Killed an ice beast
  3387 | D:4      | Reached skill level 5 in Poison Magic
  3510 | D:3      | Found a faded altar of an unknown god.
  3634 | D:3      | Found a runed translucent door.
  3635 | D:3      | Noticed Crazy Yiuf
  3642 | D:3      | Learned a level 3 spell: Mephitic Cloud
  3667 | D:3      | Killed Crazy Yiuf
  3987 | D:4      | Reached XP level 7. HP: 30/36 MP: 18/18
  4160 | D:4      | Identified the +8 great sword of the Establishment {flame,
                  | +Inv Int+7 Dex-2}
  4177 | D:4      | Got a crude robe
  4190 | D:4      | Identified the +4 robe of Fanaticism {Str+2} (You found it
                  | on level 4 of the Dungeon)
  4367 | D:4      | Found a hide-covered altar of Uskayaw.
  4579 | D:5      | Entered Level 5 of the Dungeon
  4618 | D:5      | Reached skill level 7 in Spellcasting
  4790 | D:5      | Reached skill level 5 in Dodging
  4906 | D:5      | Reached XP level 8. HP: 40/42 MP: 20/20
  5116 | D:5      | Reached skill level 1 in Long Blades
  5130 | D:5      | Reached skill level 1 in Fire Magic
  5276 | D:5      | Reached skill level 1 in Fighting
  5604 | D:6      | Found a staircase to the Ecumenical Temple.
  5613 | Temple   | Entered the Ecumenical Temple
  5628 | Temple   | Became a worshipper of Warmaster Okawaru
  6311 | D:6      | Found a large runed translucent door.
  6311 | D:6      | Found a large runed translucent door.
  6313 | D:6      | Noticed MisterFreud's ghost (novice OpGl)
  6550 | D:7      | Reached * piety under Okawaru
  6631 | D:7      | Reached skill level 8 in Spellcasting
  6921 | D:7      | Noticed Pikel
  6924 | D:7      | Killed Pikel
  6924 | D:7      | Reached ** piety under Okawaru
  6925 | D:7      | Reached XP level 9. HP: 47/48 MP: 23/23
  6975 | D:7      | Reached skill level 1 in Bows
  7078 | D:7      | Reached skill level 9 in Spellcasting
  7082 | D:7      | Reached *** piety under Okawaru
  7870 | D:8      | Noticed an elephant
  7874 | D:8      | Reached **** piety under Okawaru
  7874 | D:8      | Reached skill level 10 in Spellcasting
  7874 | D:8      | Reached XP level 10. HP: 53/53 MP: 16/26
  7876 | D:8      | Killed an elephant
  7891 | D:8      | Found a staircase to the Lair.
  8573 | D:8      | Found a shimmering blue altar of Sif Muna.
  9036 | D:9      | Reached ***** piety under Okawaru
  9419 | D:9      | Found a sparkling altar of Nemelex Xobeh.
  9438 | D:9      | Found a white marble altar of Elyvilon.
  9439 | D:9      | Found a glowing silver altar of Zin.
  9521 | D:9      | Found a bloodstained altar of Trog.
  9522 | D:9      | Found a shimmering altar of Xom.
  9604 | D:9      | Reached skill level 11 in Spellcasting
  9686 | D:10     | Entered Level 10 of the Dungeon
  9880 | Lair:1   | Entered Level 1 of the Lair of Beasts
  9883 | Lair:1   | Got a scintillating copper amulet
  9885 | Lair:1   | Identified the amulet "Xetak" {RegenMP rN+ Int+5} (You
                  | found it on level 1 of the Lair of Beasts)
  9942 | D:8      | Learned a level 4 spell: Cause Fear
  9993 | Lair:1   | Reached skill level 5 in Long Blades
 10018 | Lair:1   | Noticed a spiny frog
 10029 | Lair:1   | Killed a spiny frog
 10029 | Lair:1   | Reached XP level 11. HP: 33/58 MP: 28/28
 10030 | Lair:1   | Received a gift from Okawaru
 10831 | Lair:2   | Found a staircase to the Shoals.
 11215 | Lair:2   | Reached skill level 10 in Dodging
 11442 | Lair:2   | Reached skill level 12 in Spellcasting
 11717 | Lair:2   | Found a hole to the Spider Nest.
 11717 | Lair:2   | Noticed an orb spider
 11720 | Lair:2   | Killed an orb spider
 12116 | Lair:3   | Found a frozen archway.
 12121 | IceCv    | Entered an ice cave
 12355 | IceCv    | Reached skill level 5 in Transmutations
 12382 | IceCv    | Reached skill level 10 in Poison Magic
 12383 | IceCv    | Reached skill level 1 in Conjurations
 12457 | IceCv    | Received a gift from Okawaru
 12457 | IceCv    | Reached skill level 5 in Stealth
 12462 | IceCv    | Got a crude great sword {god gift}
 12463 | IceCv    | Identified the +10 great sword "Ylirox" {venom, Stlth+}
                  | (Okawaru gifted it to you in an ice cave)
 12912 | IceCv    | HP: 2/59 [troll simulacrum (8)]
 12912 | IceCv    | Slain by a troll simulacrum

Illustrated notes

Levels and vault maps discovered:
D:1:      psy_arrival_whirlpool, layout_basic
D:2:      layout_loops_ring, grunt_gozag_statues, uniq_robin, uniq_jessica,
          uniq_natasha
D:3:      layout_rooms, chequers_ecumenical_altar_simple, first_ration,
          minmay_misc_feat_nine_boxes, grunt_ministairs_4,
          grunt_qazlal_sundering, uniq_crazy_yiuf_cottage
D:4:      layout_loops_ring, eat_drink_and_be_merry_uskayaw
D:5:      layout_loops_cross, serial_bayou, serial_bayou_lake_a,
          serial_bayou_shore_b, serial_bayou_pond_d, serial_bayou_pond_b,
          item_on_display_a
D:6:      layout_basic, minmay_temple_entry_glassed_door,
          ebering_ghost_disaster_area
D:7:      layout_gridville, grunt_livestock, uniq_pikel
D:8:      layout_loops_ring, lemuel_blue_sif_altar, david_lair_generic,
          special_room [special_room_orc]
D:9:      layout_loops_ring, minitemple
D:10:     cheibrodos_statue_roulette, layout_irregular_city,
          grunt_ministairs_11, uniq_urug
Temple:   nicolae_temple_no_exploring_needed
Lair:1:   layout_misc_corridors
Lair:2:   layout_chaotic_city, elwin_shoals_entry_rocks,
          nicolae_spider_entry_orb_guardian
Lair:3:   layout_roguey, portal_ice_cave_entry_imps, serial_bayou_shore_a
IceCv:    ice_cave_tombish

Skill      XL: |  1  2  3  4  5  6  7  8  9 10 11 |
---------------+----------------------------------+-----
Air Magic      | 1 2 3 4 |  4.6
Poison Magic   | 4 5 6 7 9 10 | 10.0
Spellcasting   | 4 5 6 7 8 10 11 12 | 12.4
Dodging        | 3 4 5 6 8 9 10 | 10.6
Transmutations | 2 3 4 5 |  5.7
Stealth        | 3 4 5 |  5.0
Long Blades    | 3 5 6 |  6.1
Fire Magic     | 2 3 |  3.7
Fighting       | 1 2 |  2.6
Bows           | 1 |  1.0
Conjurations   | 1 |  1.0
Staves         | |  0.9
Hexes          | |  0.5

Action                   |  1- 3 |  4- 6 |  7- 9 | 10-12 || total
-------------------------+-------+-------+-------+-------++-------
Melee: Unarmed           |     2 |     1 |       |       ||     3
       Quarterstaff      |       |    16 |       |       ||    16
       Great sword       |       |       |    57 |   128 ||   185
       Staff             |       |       |       |     1 ||     1
 Fire: Shortbow          |       |       |     3 |       ||     3
 Cast: Sting             |    27 |    45 |    26 |    16 ||   114
       Poisonous Vapours |    26 |    26 |    37 |    61 ||   150
       Olgreb's Toxic Ra |       |     5 |    14 |    19 ||    38
       Ignite Poison     |       |     3 |    17 |    45 ||    65
       Mephitic Cloud    |       |       |     7 |    22 ||    29
       Cause Fear        |       |       |       |     3 ||     3
Invok: Heroism           |       |       |       |     2 ||     2
  Use: Scroll            |     4 |     6 |     7 |     5 ||    22
       Potion            |       |       |       |     4 ||     4
 Stab: Sleeping          |       |       |     1 |     5 ||     6
       Confused          |       |       |       |     1 ||     1
       Distracted        |       |       |       |     1 ||     1
  Eat: Chunk             |     3 |     7 |    10 |    13 ||    33
       Ration            |       |       |     1 |     1 ||     2
Armor: Robe              |     7 |     5 |    20 |    27 ||    59
Dodge: Dodged            |    11 |    27 |    55 |   105 ||   198
       Rpst.: Great sword |       |       |    18 |    35 ||    53

Table legend:
 A = Non-vault XP
 B = Vault XP
 C = Vault XP percentage of total XP
 D = Non-vault monster count
 E = Vault monster count
 F = Vault count percentage of total count
                 A         B        C        D         E       F
            +---------+---------+-------+---------+---------+-------
      Total |   14503 |    6342 |  30.4 |     230 |      67 |  22.6
            +---------+---------+-------+---------+---------+-------
        D:1 |      35 |       0 |   0.0 |      19 |       0 |   0.0
        D:2 |     155 |     100 |  39.2 |      18 |       9 |  33.3
        D:3 |     270 |      47 |  14.8 |      23 |       3 |  11.5
        D:4 |     189 |       0 |   0.0 |      11 |       0 |   0.0
        D:5 |     817 |      56 |   6.4 |      24 |       3 |  11.1
        D:6 |     593 |       0 |   0.0 |      15 |       0 |   0.0
        D:7 |     682 |    1613 |  70.3 |      16 |       6 |  27.3
        D:8 |    1018 |    1486 |  59.3 |      25 |      24 |  49.0
        D:9 |    1979 |       0 |   0.0 |      27 |       0 |   0.0
       D:10 |     321 |       0 |   0.0 |       9 |       0 |   0.0
     Lair:1 |    4639 |       0 |   0.0 |      22 |       0 |   0.0
     Lair:2 |    3805 |     556 |  12.7 |      21 |       1 |   4.5
     Lair:3 |       0 |     123 | 100.0 |       0 |      12 | 100.0
      IceCv |       0 |    2361 | 100.0 |       0 |       9 | 100.0
            +---------+---------+-------+---------+---------+-------
